 Dungeon Crawl Stone Soup version 0.30-a0-862-g1aabd4f9c5 (webtiles) character file.

Game seed: 16490477792457315647

374 cforsyth the Magician (level 6, -9/32 HPs)
             Began as a Deep Elf Earth Elementalist on Mar 9, 2023.
             Mangled by a black bear (10 damage)
             ... on level 4 of the Dungeon.
             The game lasted 00:04:16 (2830 turns).

cforsyth the Magician (Deep Elf Earth Elementalist) Turns: 2830, Time: 00:04:16

Health: -9/32      AC:  4    Str:  8    XL:     6   Next: 43%
Magic:  13/17      EV: 12    Int: 22    God:
Gold:   187        SH:  0    Dex: 15    Spells: 17/18 levels left

rFire   . . .      SeeInvis .    (no weapon)
rCold   . . .      Faith    .    (no shield)
rNeg    . . .      Spirit   .    a - +0 robe
rPois   +          Reflect  .    (no helmet)
rElec   .          Rampage  .    h - +0 cloak
rCorr   +                        o - +0 pair of gloves {Str+3}
Will    .....                    (no boots)
Stlth   ++                       (no amulet)
HPRegen 0.25/turn                u - ring of poison resistance
MPRegen 0.15/turn                q - ring of resist corrosion

@: no status effects
A: no striking features
a: no special abilities


You were on level 4 of the Dungeon.
You visited 1 branch of the dungeon, and saw 4 of its levels.

You collected 187 gold pieces.

Inventory:

Armour
 a - a +0 robe (worn)
 h - a +0 cloak (worn)
 o - a +0 pair of gloves of strength (worn)
Jewellery
 q - a ring of resist corrosion (right hand)
 u - a ring of poison resistance (left hand)
Wands
 w - a wand of flame (18)
 y - a wand of digging (7)
Scrolls
 c - 3 scrolls of blinking {unknown}
 g - 2 scrolls of fog {unknown}
 j - 3 scrolls of identify {unknown}
 l - a scroll of noise {unknown}
 t - 2 scrolls of poison {unknown}
 v - a scroll of teleportation {unknown}
 x - a scroll of vulnerability {unknown}
 z - a scroll of amnesia {unknown}
Potions
 b - a potion of magic
 d - 3 potions of curing {unknown}
 e - 2 potions of haste {unknown}
 f - a potion of brilliance {unknown}
 i - 3 potions of heal wounds
 k - a potion of lignification {unknown}
 m - 2 potions of ambrosia {unknown}
 n - 2 potions of mutation {unknown}
 p - 3 potions of flight {unknown}
 r - a potion of cancellation {unknown}
 s - a potion of attraction {unknown}


   Skills:
 - Level 2.4 Dodging
 - Level 2.4 Stealth
 + Level 6.8 Spellcasting
 - Level 1.1 Transmutations
 + Level 6.1 Earth Magic


You had 17 spell levels left.
You knew the following spells:

 Your Spells              Type           Power      Damage    Failure   Level
a - Sandblast             Erth           68%        2d15      1%          1

Your spell library contained the following spells:

 Spells                   Type           Power      Damage    Failure   Level
 Passwall                 Tmut/Erth      19%        N/A       2%          2
 Stone Arrow              Conj/Erth      42%        3d9       7%          3
 Ensorcelled Hibernation  Hex/Ice        14%        N/A       13%         2
 Lesser Beckoning         Tloc           14%        N/A       13%         2
 Petrify                  Tmut/Erth      23%        N/A       19%         4
 Spider Form              Tmut/Pois      9%         N/A       21%         3
 Gell's Gravitas          Tloc           7%         N/A       26%         3
 Swiftness                Air            7%         N/A       26%         3
 Teleport Other           Tloc           7%         N/A       26%         3
 Anguish                  Hex/Necr       3%         N/A       63%         4


Dungeon Overview and Level Annotations

Branches:
Dungeon (4/15)
 Temple: D:4-7

Altars:
Fedhas
Gozag
Xom

Shops:
D:2 [


Message History

An orc comes into view. It is wielding a +0 club.
The ball python closely misses the black bear.
The ball python bites itself.
The blast of sand misses the adder.
The adder closely misses you.
The blast of sand hits the adder!
You kill the adder!
The blast of sand hits the black bear.
The black bear is lightly wounded.
The black bear bites you. The black bear claws you. x2
The blast of sand hits the black bear!
The black bear is heavily wounded.
The black bear bites you! The black bear claws you. x2
You are too injured to fight recklessly!
You are too injured to fight recklessly!
You are too injured to fight recklessly!
You are too injured to fight recklessly!
You are too injured to fight recklessly!
You are too injured to fight recklessly!
Casting: Sandblast (safe; 1% risk of failure)
Confirm with . or Enter, or press ? or * to list all spells.
Aiming: Sandblast (safe; 1% risk of failure)
Press: ? - help, Shift-Dir - straight line, f/p - black bear
Aim: a black bear (heavily wounded, 88% to hit)
The blast of sand hits the black bear!
The black bear is almost dead.
The black bear goes berserk!
The black bear misses you. The black bear closely misses you.
The black bear claws you.
Casting: Sandblast (safe; 1% risk of failure)
Confirm with . or Enter, or press ? or * to list all spells.
Aiming: Sandblast (safe; 1% risk of failure)
Press: ? - help, Shift-Dir - straight line, f/p - black bear
Aim: a black bear (almost dead, berserk, 88% to hit)
The blast of sand hits the black bear!
The black bear is almost dead.
The black bear bites you!
* * * LOW HITPOINT WARNING * * *
The black bear completely misses you.
The black bear claws you but does no damage.
The black bear bites you!
You die...

####
#########.########
##.. ...†.....S#
##.# ########..#
##.# #g.# ##.##
######..# ....##
#.....g## ##...#
#....#J# #.#.####
#....#h#
#......###....#@#
###.##.##.....#.#
#....#......#.#
###....#....#.#
#...##....#.#
##>###....#.# ###
#....#.# #....#..
######


You could see a black bear (berserk), an endoplasm, 2 goblins and a ball python.

Vanquished Creatures
  2 scorpions (D:4)
  Jessica (D:2)
  Natasha (D:4)
  An orc wizard (D:3)
  Robin (D:3)
  6 adders
  A gnoll (D:1)
  A worm (D:3)
  3 dart slugs (D:1)
  4 orcs (D:3)
  11 endoplasms
  2 giant cockroaches
  10 hobgoblins
  14 jackals
  3 kobolds
  2 quokkas
  9 ball pythons
  4 bats
  2 frilled lizards (D:1)
  14 goblins
  2 rats
94 creatures vanquished.

Vanquished Creatures (others)
  A ball python (D:4)
1 creature vanquished.

Grand Total: 95 creatures vanquished

Notes
Turn   | Place    | Note
-------+----------+-------------------------------------------
     0 | D:1      | cforsyth the Deep Elf Earth Elementalist began the quest
                  | for the Orb.
     0 | D:1      | Reached XP level 1. HP: 10/10 MP: 6/6
   165 | D:1      | Reached XP level 2. HP: 15/15 MP: 5/8
   363 | D:1      | Reached XP level 3. HP: 13/19 MP: 5/10
   612 | D:1      | Found a faded altar of an unknown god.
  1150 | D:2      | Found Nerruf's Armour Shoppe.
  1198 | D:2      | Reached XP level 4. HP: 24/24 MP: 6/12
  1289 | D:2      | Noticed Jessica
  1295 | D:2      | Killed Jessica
  1296 | D:2      | Reached skill level 5 in Spellcasting
  1341 | D:2      | Found an opulent altar of Gozag.
  1783 | D:3      | Identified the +2 chain mail "Hedded" {rN+ Slay+3}
  1785 | D:3      | Noticed Robin
  1791 | D:2      | Reached skill level 5 in Earth Magic
  1794 | D:2      | Reached XP level 5. HP: 28/28 MP: 6/14
  1896 | D:3      | Killed Robin
  2614 | D:4      | Reached XP level 6. HP: 32/32 MP: 14/17
  2733 | D:4      | Noticed Natasha
  2737 | D:4      | Killed Natasha
  2755 | D:4      | Found a blossoming altar of Fedhas.
  2814 | D:4      | Found a shimmering altar of Xom.
  2830 | D:4      | HP: 1/32 [black bear (10)]
  2830 | D:4      | Mangled by a black bear

Illustrated notes

Levels and vault maps discovered:
D:1:      dpeg_arrival_oval, layout_loops_ring, ebering_ecumenical_altar_box,
          kennysheep_nondescript
D:2:      layout_rooms, basic_altar, serial_shops, shop, uniq_jessica
D:3:      layout_rooms, uniq_robin
D:4:      layout_basic, xom_confusion_cloud, fedhas_ov_isle_minmay,
          kennysheep_mini_moat, serial_curves, eino_curves_03, eino_curves_02,
          serial_park_tiny_1, uniq_natasha

Skill      XL: |  1  2  3  4  5  6 |
---------------+-------------------+-----
Spellcasting   | 4 5 6 |  6.8
Earth Magic    | 4 5 6 |  6.1
Dodging        | |  2.4
Stealth        | |  2.4
Transmutations | |  1.1

Action                     |  1- 3 |  4- 6 || total
---------------------------+-------+-------++-------
  Melee: Unarmed           |     4 |     1 ||     5
   Cast: Sandblast         |    47 |    87 ||   134
 Armour: Robe              |    14 |    15 ||    29
  Dodge: Dodged            |    19 |    33 ||    52

Table legend: (Time is in decaauts)
 A = Elapsed time spent in this place.
 B = Non-inter-level travel time spent in this place.
 C = Inter-level travel time spent in this place.
 D = Time resting spent in this place.
 E = Time spent auto-exploring this place.
 F = Levels seen in this place.
 G = Mean time per level.
                   A        B        C        D        E       F      G
               +--------+--------+--------+--------+--------+-----+--------+
         Total |   2895 |   2783 |    112 |     81 |   2172 |   4 |  723.8 |
       Dungeon |   2895 |   2783 |    112 |     81 |   2172 |   4 |  723.8 |
               +--------+--------+--------+--------+--------+-----+--------+

Top non-repeatable levels by time:
     D:1: 1170 daAuts
     D:2: 757 daAuts
     D:3: 729 daAuts
     D:4: 238 daAuts
